 Dungeon Crawl Stone Soup version 0.27.1 (webtiles) character file.

Game seed: 8578876689314580778

340 pkoi the Ruffian (level 6, -1/53 HPs)
             Began as a Troll Earth Elementalist on Aug 28, 2021.
             Was a Believer of Zin.
             Slain by Pikel (8 damage)
             ... on level 4 of the Dungeon.
             The game lasted 00:04:27 (3469 turns).

pkoi the Ruffian (Troll Earth Elementalist)         Turns: 3469, Time: 00:04:28

Health: -1/53      AC:  7    Str: 24    XL:     6   Next: 30%
Magic:  4/6        EV:  9    Int: 12    God:    Zin [**....]
Gold:   119        SH:  0    Dex: 10    Spells: 6/7 levels left

rFire    . . .     SeeInvis .   f - +0 whip (elec)
rCold    . . .     Faith    .   (no shield)
rNeg     + . .     Spirit   .   b - +0 robe
rPois    .         Reflect  .   (helmet restricted)
rElec    .         Harm     .   m - +2 cloak
rCorr    .         Rampage  .   (gloves unavailable)
Will     .....                  (boots unavailable)
Stlth    +.........             (no amulet)
HPRegen  1.17/turn              h - ring of positive energy
MPRegen  0.10/turn              j - +6 ring of strength

@: no status effects
A: large, unfitting armour, claws 3, regeneration 1, shaggy fur 1, tough skin 1
a: Renounce Religion, Recite, Vitalisation, Donate Gold


You were on level 4 of the Dungeon.
You worshipped Zin.
Zin was pleased with you.
You visited 2 branches of the dungeon, and saw 5 of its levels.

You collected 132 gold pieces.
You donated 13 gold pieces to Zin.

Inventory:

Hand Weapons
 f - a +0 whip of electrocution (weapon)
 r - a +1 whip of venom
Missiles
 c - 69 stones
Armour
 b - a +0 robe (worn)
 m - a +2 cloak (worn)
Jewellery
 h - a ring of positive energy (left claw)
 j - a +6 ring of strength (right claw)
Wands
 n - a wand of flame (15)
 q - a wand of iceblast (5)
Scrolls
 g - 4 scrolls of identify {unknown}
 i - a scroll of torment {unknown}
 l - 3 scrolls of teleportation {unknown}
 p - 2 scrolls of enchant armour {unknown}
 s - a scroll of blinking {unknown}
 t - a scroll of enchant weapon {unknown}
 u - a scroll of fear {unknown}
Potions
 a - a potion of brilliance {unknown}
 d - a potion of heal wounds {unknown}
 e - a potion of resistance {unknown}
 k - 2 potions of flight {unknown}
 o - a potion of haste


   Skills:
 - Level 1.5 Dodging
 - Level 1.0 Stealth
 * Level 4.9 Unarmed Combat
 - Level 1.2 Spellcasting
 + Level 1.3 Transmutations
 + Level 3.1 Earth Magic
 + Level 2.5 Invocations


You had 6 spell levels left.
You knew the following spells:

 Your Spells              Type           Power      Damage    Failure   Level
a - Sandblast             Erth           16%        2d6       9%          1

Your spell library contained the following spells:

 Spells                   Type           Power      Damage    Failure   Level
 Passwall                 Tmut/Erth      5%         N/A       19%         2
 Corona                   Hex            0%         N/A       30%         1
 Ensorcelled Hibernation  Hex/Ice        0%         N/A       41%         2
 Stone Arrow              Conj/Erth      8%         3d7       43%         3
 Spider Form              Tmut/Pois      1%         N/A       56%         3
 Tukima's Dance           Hex            0%         N/A       65%         3
 Petrify                  Tmut/Erth      6%         N/A       75%         4
 Lee's Rapid Deconstruct  Erth           4%         3d6*      92%         5
 Shadow Creatures         Summ           N/A        N/A       100%        6


Dungeon Overview and Level Annotations

Branches:
Dungeon (4/15)             Temple (1/1) D:4

Altars:
Ashenzari
Elyvilon
Fedhas
Gozag
Kikubaaqudgha
Makhleb
Nemelex Xobeh
Okawaru
Qazlal
Sif Muna
Trog
Uskayaw
Vehumet
Xom
Yredelemnul
Zin
The Shining One

Annotations:
D:4 Pikel


Innate Abilities, Weirdness & Mutations

You are too large for most types of armour.
You have claws for hands.
Your natural rate of healing is unusually fast.
You are covered in fur. (AC +1)
You have tough skin. (AC +1)


Message History

Pikel completely misses you.
You closely miss Pikel.
Pikel hits you with a +0 whip of freezing.
Pikel freezes you.
Pikel hits you with a +0 whip of freezing.
Pikel freezes you.
You hit Pikel but do no damage.
Pikel hits you with a +0 whip of freezing.
Pikel freezes you.
* * * LOW HITPOINT WARNING * * *
Pikel hits you with a +0 whip of freezing!
* * * LOW HITPOINT WARNING * * *
Pikel freezes you.
* * * LOW HITPOINT WARNING * * *
Pikel hits you with a +0 whip of freezing.
* * * LOW HITPOINT WARNING * * *
Pikel freezes you.
* * * LOW HITPOINT WARNING * * *
Pikel hits you with a +0 whip of freezing.
* * * LOW HITPOINT WARNING * * *
Pikel freezes you.
* * * LOW HITPOINT WARNING * * *
Pikel completely misses you.
Your magical contamination has completely faded away.
Pikel closely misses you. Pikel waves his whip at you.
Pikel hits you with a +0 whip of freezing.
* * * LOW HITPOINT WARNING * * *
Pikel freezes you.
* * * LOW HITPOINT WARNING * * *
Pikel hits you with a +0 whip of freezing.
* * * LOW HITPOINT WARNING * * *
Pikel freezes you.
* * * LOW HITPOINT WARNING * * *
Pikel hits you with a +0 whip of freezing.
* * * LOW HITPOINT WARNING * * *
Pikel freezes you.
* * * LOW HITPOINT WARNING * * *
Pikel hits you with a +0 whip of freezing!
You die...

#.# #.# #.# #.#
#.# #.# #.# #
#.# # #@# #
#K##############
#
#...55.........#
#
########.......#
# #.......###
#..........
#.......###
#..[....#
#.......#


You could see Pikel (fast).

Vanquished Creatures
  Blork the orc (D:4)
  A scorpion (D:4)
  Crazy Yiuf (D:2)
  Ijyb (D:3)
  Robin (D:2)
  3 adders
  6 gnolls (D:2)
  A dart slug (D:1)
  An orc (D:4)
  4 endoplasms
  14 goblins
  8 hobgoblins
  6 jackals
  3 quokkas
  4 ball pythons
  3 bats
  3 frilled lizards
  3 kobolds
  7 rats
71 creatures vanquished.

Notes
Turn   | Place    | Note
-------+----------+-------------------------------------------
     0 | D:1      | pkoi the Troll Earth Elementalist began the quest for the
                  | Orb.
     0 | D:1      | Reached XP level 1. HP: 16/16 MP: 1/1
    80 | D:1      | Reached skill level 1 in Unarmed Combat
   134 | D:1      | Reached XP level 2. HP: 24/24 MP: 2/2
   159 | D:1      | Found a faded altar of an unknown god.
   186 | D:1      | Reached skill level 2 in Unarmed Combat
   199 | D:1      | Became a worshipper of Zin the Law-Giver
   199 | D:1      | Reached * piety under Zin
   756 | D:2      | Reached XP level 3. HP: 16/31 MP: 3/3
   796 | D:2      | Reached skill level 1 in Invocations
   860 | D:2      | Noticed Robin
   880 | D:2      | Reached skill level 3 in Unarmed Combat
   920 | D:2      | Killed Robin
   921 | D:2      | Reached XP level 4. HP: 39/39 MP: 4/4
  1117 | D:2      | Found a runed translucent door.
  1118 | D:2      | Noticed Crazy Yiuf
  1647 | D:2      | Reached skill level 4 in Unarmed Combat
  1809 | D:2      | Killed Crazy Yiuf
  1810 | D:2      | Reached XP level 5. HP: 21/45 MP: 2/5
  2023 | D:3      | Found a white marble altar of Elyvilon.
  2159 | D:3      | Reached ** piety under Zin
  2172 | D:3      | Noticed Ijyb
  2184 | D:3      | Killed Ijyb
  2459 | D:3      | Noticed a cacodemon
  2460 | D:3      | Found a burning altar of Makhleb.
  2464 | D:3      | Found a glowing silver altar of Zin.
  2464 | D:3      | Noticed an angel
  2581 | D:3      | Found an opulent altar of Gozag.
  2581 | D:3      | Found a stormy altar of Qazlal.
  2709 | D:4      | Reached skill level 1 in Transmutations
  2972 | D:4      | Reached XP level 6. HP: 49/53 MP: 2/6
  3024 | D:4      | Noticed Blork the orc
  3091 | D:4      | Killed Blork the orc
  3226 | D:4      | Found a staircase to the Ecumenical Temple.
  3245 | Temple   | Entered the Ecumenical Temple
  3438 | D:4      | Found a glowing golden altar of the Shining One.
  3440 | D:4      | Noticed Pikel
  3469 | D:4      | Slain by Pikel

Illustrated notes

Levels and vault maps discovered:
D:1:      elethiomel_arrival_quiet, layout_basic,
          hellmonk_ecumenical_altar_dog_temple
D:2:      layout_basic, kennysheep_generic_room_8, uniq_robin,
          uniq_crazy_yiuf_cottage
D:3:      layout_loops_cross, grunt_temple_overflow_order_and_chaos_2,
          mainiacjoe_overflow_cross_hatched, gammafunk_temple_overflow_statue,
          uniq_ijyb
D:4:      layout_basic, general_overflow_altar, marbit_many_paths,
          temple_fountains, grunt_decor_junction, corexii_corridor_pit,
          kennysheep_path_1, minmay_between, uniq_pikel, uniq_blork_the_orc
Temple:   jpeg_temple_clearing

Skill      XL: |  1  2  3  4  5  6 |
---------------+-------------------+-----
Unarmed Combat | 1 2 3 4 |  4.9
Invocations    | 1 2 |  2.5
Transmutations | 1 |  1.3
Earth Magic    | 3 |  3.1
Dodging        | |  1.5
Stealth        | |  1.0
Spellcasting   | |  1.2

Action                   |  1- 3 |  4- 6 || total
-------------------------+-------+-------++-------
Melee: Unarmed           |    40 |       ||    40
       Whip              |    70 |    54 ||   124
 Cast: Sandblast         |       |    57 ||    57
Armor: Robe              |    55 |    27 ||    82
Dodge: Dodged            |    50 |    42 ||    92
